Map: Automaton LE

Players

Lambo - Winner!

  • Race: Zerg Zerg
  • League: Grandmaster
  • Spawn Location: 9:00

Clem

  • Race: Terran Terran
  • League: Grandmaster
  • Spawn Location: 3:00

VOD

Have the link to the VOD?

Description

Time

  • Played on: Dec. 15, 2018, 1:19 p.m.
  • Length: 15:36
Show
View Real Time Build Order
Export as new Build Order

Lambo Zerg - Winner!

Build Orders: Hatch First 

Get SALT Encoding   

  12  0:00  Drone  
  13  0:12  Overlord  
  13  0:17  Drone  
  14  0:31  Drone x2  
  16  0:49  Hatchery  
  15  0:52  Drone  
  15  0:56  Drone  
  17  0:59  Drone  
  18  1:10  Extractor  
  17  1:15  Spawning Pool  
  17  1:18  Drone  
  17  1:22  Drone  
  18  1:29  Drone  
  19  1:39  Drone  
  20  1:53  Overlord  
  20  2:01  Queen  
  20  2:02  Queen, Zergling x2  
  20  2:03  Zergling x2  
  26  2:10  Metabolic Boost  
  26  2:13  Drone  
  26  2:14  Drone  
  28  2:22  Drone  
  29  2:23  Drone  
  30  2:34  Extractor  
  30  2:45  Hatchery  
  30  2:48  Pneumatized Carapace  
  30  2:51  Drone  
  30  2:53  Drone  
  30  2:55  Drone  
  32  2:59  Overlord  
  32  3:02  Drone  
  33  3:13  Drone  
  33  3:17  Drone x3  
  33  3:19  Drone x2  
  39  3:21  Overlord  
  39  3:26  Queen  
  39  3:28  Drone  
  42  3:34  Queen  
  44  3:46  Drone x2  
  46  3:50  Overlord  
  46  3:51  Drone x3  
  46  3:53  Overlord  
  46  3:54  Evolution Chamber  
  48  3:56  Drone  
  48  3:57  Drone  
  48  4:00  Overlord  
  50  4:03  Drone  
  50  4:07  Queen  
  54  4:10  Drone  
  54  4:15  Drone x2  
  56  4:18  Queen  
  56  4:22  Drone x2  
  60  4:27  Zerg Ground Armor Level 1, Drone  
  61  4:32  Drone  
  61  4:34  Spore Crawler  
  61  4:36  Overlord  
  61  4:40  Zergling x4  
  61  4:41  Zergling x6  
  61  4:45  Queen  
  66  4:47  Drone x2  
  66  4:51  Zergling x6  
  73  4:56  Zergling x6  
  73  4:59  Queen  
  76  5:05  Lair  
  78  5:07  Zergling x2  
  78  5:08  Overlord  
  78  5:09  Drone x2  
  78  5:11  Drone  
  82  5:17  Overlord  
  82  5:19  Overlord  
  82  5:20  Overlord  
  82  5:24  Extractor, Baneling Nest, Drone x2  
  82  5:25  Overlord, Extractor  
  82  5:28  Drone x3  
  84  5:34  Zergling x6  
  86  5:40  Drone x4  
  90  5:43  Extractor  
  90  5:49  Drone x3  
  92  5:50  Evolution Chamber, Zergling x4  
  92  5:54  Zergling x2  
  94  6:03  Queen x3  
  93  6:06  Zergling x14  
  93  6:10  Zergling x2  
  101  6:13  Zergling x2  
  101  6:17  Zergling x2  
  103  6:20  Zergling x2  
  104  6:25  Zergling x2  
  104  6:28  Zergling x6  
  104  6:32  Zergling x4  
  102  6:36  Zergling x2  
  102  6:37  Centrifical Hooks, Baneling x7  
  102  6:38  Zerg Melee Weapons Level 1  
  97  6:40  Zergling x6  
  97  6:43  Queen  
  97  6:45  Zergling x4  
  97  6:46  Baneling x3  
  103  6:48  Queen  
  103  6:51  Zergling x4  
  107  7:00  Zergling x4  
  104  7:03  Zergling x2  
  104  7:07  Zergling x2  
  104  7:08  Zergling x2  
  100  7:13  Zergling x14  
  100  7:14  Queen  
  101  7:18  Queen  
  101  7:20  Zergling x10  
  104  7:23  Baneling x12  
  104  7:24  Queen  
  104  7:27  Baneling  
  104  7:28  Baneling x2  
  102  7:31  Zergling x4  
  102  7:32  Zergling x2  
  105  7:42  Zergling x6  
  108  7:45  Zergling x6  
  111  7:52  Zergling x4  
  111  7:55  Zergling x2  
  109  7:59  Zergling x6  
  110  8:06  Queen x2  
  110  8:09  Zergling x10  
  114  8:16  Zergling x6  
  104  8:23  Zergling x2  
  99  8:28  Zergling x4  
  99  8:29  Baneling x6  
  99  8:33  Baneling x6  
  98  8:34  Zergling x2  
  98  8:35  Baneling  
  98  8:36  Hatchery, Zerg Ground Armor Level 2, Zerg Melee Weapons Level 2  
  98  8:38  Zergling x14  
  98  8:41  Zergling x2  
  103  8:43  Baneling x2  
  101  8:50  Zergling x4  
  95  8:59  Zergling x2, Baneling x7  
  95  9:00  Zergling x2  
  97  9:06  Zergling x4  
  93  9:12  Zergling x6  
  93  9:16  Queen x2  
  93  9:21  Zergling x4  
  89  9:34  Baneling x10  
  89  9:35  Zergling x4  
  91  9:39  Hatchery  
  91  9:43  Zergling x4  
  91  9:45  Baneling  
  92  9:51  Queen x2  
  89  9:53  Zergling x10  
  89  9:56  Zergling x4  
  96  10:00  Zergling x4  
  96  10:05  Zergling x2  
  99  10:12  Zergling x6  
  96  10:17  Baneling x6  
  96  10:21  Zergling x4  
  93  10:23  Zergling x2  
  93  10:27  Queen  
  95  10:32  Zergling x4  
  91  10:37  Baneling x6  
  91  10:41  Zergling x4  
  88  10:44  Zergling x4  
  88  10:49  Zergling x4  
  77  10:54  Zergling x12  
  77  10:55  Queen  
  81  10:57  Zergling x2  
  76  11:07  Zergling x4  
  76  11:08  Zergling x2  
  72  11:12  Baneling x5  
  72  11:16  Zergling x4  
  72  11:17  Zergling x6  
  76  11:23  Zergling x2  
  76  11:25  Baneling x3  
  75  11:29  Zergling x12  
  77  11:37  Zergling x4  
  77  11:39  Zergling x2  
  78  11:42  Zergling x4  
  78  11:43  Baneling x2  
  80  11:49  Queen x3  
  80  11:52  Zergling x2  
  80  11:53  Zergling x4  
  89  11:56  Baneling x4  
  89  11:59  Zergling x12  
  95  12:04  Zergling x2  
  95  12:05  Zergling x4  
  93  12:16  Zergling x6  
  93  12:23  Zergling x2  
  93  12:25  Baneling x13  
  93  12:28  Zergling x4  
  93  12:29  Zergling x4  
  96  12:38  Zergling x2  
  96  12:39  Zergling x2  
  98  12:46  Zergling x4  
  98  12:48  Baneling x8  
  98  12:50  Zergling x2  
  101  12:52  Queen  
  101  12:55  Zergling x4  
  101  12:56  Baneling  
  101  12:57  Overlord, Baneling x5  
  105  13:02  Baneling  
  105  13:04  Queen  
  99  13:15  Zergling x2  
  99  13:16  Zergling x20  
  99  13:19  Zergling x4  
  101  13:28  Zergling x10  
  98  13:38  Zergling x2  
  98  13:39  Zergling x2  
  99  13:46  Hatchery, Zergling x8  
  95  13:58  Zergling x10  
  100  14:04  Baneling x10  
  100  14:05  Zergling x2  
  100  14:06  Zergling x2  
  100  14:09  Zergling x2  
  103  14:15  Zergling x2  
  104  14:19  Zergling x4  
  103  14:27  Baneling x6  
  103  14:28  Zergling x10  
  106  14:32  Zergling x2  
  106  14:33  Zergling x2  
  104  14:40  Zergling x2  
  104  14:41  Zergling x2  
  99  14:57  Zergling x6  
  99  14:59  Zergling x4  
  89  15:02  Zergling x2  
  79  15:09  Zergling x2  
  79  15:13  Zergling x2  
  82  15:17  Zergling x2  
  82  15:19  Baneling x5  
Show
View Real Time Build Order
Export as new Build Order

Clem Terran 

Build Orders: Reaper Expand 

Get SALT Encoding   

  12  0:00  SCV  
  13  0:12  SCV  
  14  0:17  Supply Depot  
  14  0:24  SCV  
  15  0:39  SCV  
  15  0:40  Barracks  
  16  0:45  Refinery  
  16  0:51  SCV  
  17  1:03  SCV  
  18  1:15  SCV  
  19  1:28  Orbital Command  
  19  1:32  Reaper  
  20  1:39  Command Center  
  20  1:50  Barracks  
  20  1:55  SCV  
  21  2:02  Supply Depot  
  21  2:05  Barracks Reactor  
  21  2:08  SCV  
  21  2:12  Refinery  
  22  2:21  SCV  
  23  2:27  Factory  
  23  2:33  SCV  
  24  2:42  Barracks Tech Lab  
  24  2:43  Marine x2  
  26  2:45  SCV  
  26  2:50  Orbital Command  
  27  2:58  SCV  
  28  3:01  Marine x2  
  28  3:04  Stimpack  
  30  3:07  Marine  
  30  3:10  SCV  
  32  3:17  Starport  
  32  3:19  SCV  
  33  3:20  Marine  
  33  3:22  Marine  
  33  3:26  Marine, Factory Reactor  
  36  3:32  SCV  
  37  3:35  Supply Depot  
  37  3:36  SCV  
  37  3:40  Marine  
  39  3:42  Marine  
  39  3:44  SCV  
  41  3:48  Marine, SCV  
  43  3:56  SCV  
  43  3:58  Marine  
  43  3:59  Supply Depot  
  43  4:00  SCV  
  46  4:07  Medivac x2  
  46  4:08  Factory Tech Lab, SCV  
  51  4:13  Marine x2  
  53  4:19  Engineering Bay  
  53  4:21  Barracks  
  53  4:24  SCV x2, Supply Depot  
  53  4:28  Marine  
  56  4:31  Marine  
  56  4:34  Siege Tank  
  56  4:38  SCV  
  61  4:40  Marine  
  62  4:50  Supply Depot, Terran Infantry Weapons Level 1  
  62  4:51  Refinery  
  62  4:52  Marine x2  
  64  4:55  SCV x2, Supply Depot  
  66  5:00  Marine  
  67  5:10  Marine x2  
  67  5:12  Combat Shield  
  69  5:15  SCV  
  69  5:18  Marine, Supply Depot  
  71  5:23  Marine x2  
  71  5:26  Siege Tank  
  71  5:28  Marine x2  
  78  5:30  Supply Depot  
  78  5:36  Marine  
  78  5:37  Medivac  
  78  5:40  Supply Depot  
  78  5:41  Marine x2  
  83  5:45  Marine  
  84  5:50  Barracks  
  84  5:52  Barracks  
  84  5:53  Marine  
  84  5:54  Marine  
  86  6:02  Marine  
  86  6:03  Marine x2  
  89  6:04  Siege Tank  
  89  6:09  Supply Depot  
  92  6:13  Medivac  
  92  6:14  Marine  
  92  6:16  Marine  
  96  6:20  Marine, Supply Depot  
  96  6:21  Marine  
  96  6:22  Marine  
  98  6:32  Marine  
  88  6:34  Marine  
  88  6:38  Marine  
  88  6:39  Marine x2  
  88  6:41  Siege Tank  
  88  6:44  Barracks Reactor  
  88  6:45  Barracks Reactor  
  91  6:49  Marine  
  91  6:52  Marine  
  93  6:54  Medivac  
  93  6:56  Marine, SCV x2  
  93  6:59  Marine x2  
  97  7:08  SCV  
  96  7:13  Marine x2  
  96  7:14  Marine  
  94  7:20  Siege Tank  
  94  7:21  Marine x5  
  94  7:22  Marine  
  101  7:24  Medivac  
  101  7:28  Supply Depot  
  103  7:30  Marine  
  103  7:31  Marine  
  103  7:32  Marine  
  106  7:38  Marine  
  106  7:39  Marine x3  
  106  7:41  Marine  
  106  7:42  Marine  
  109  7:51  Marine  
  109  7:53  Marine x2  
  109  7:56  Marine x2  
  108  8:01  Marine x2  
  108  8:02  Medivac  
  108  8:04  Marine x2  
  114  8:06  Siege Tank  
  114  8:09  Marine  
  114  8:11  Marine x2  
  118  8:14  Marine x2  
  118  8:19  Marine x2  
  109  8:22  Marine x2  
  109  8:27  Marine  
  108  8:28  Supply Depot  
  108  8:29  Marine x2  
  108  8:32  Marine x2, Medivac  
  115  8:37  Marine x2  
  115  8:40  Marine, Terran Infantry Armor Level 1  
  118  8:44  Refinery  
  118  8:45  Marine  
  118  8:51  Widow Mine  
  112  8:57  Marine x6  
  112  9:01  Marine  
  117  9:03  Marine  
  117  9:05  Medivac  
  99  9:12  Marine, Siege Tank  
  99  9:14  Marine  
  97  9:26  Marine  
  97  9:30  Marine  
  95  9:32  Marine x2  
  95  9:33  Marine x2  
  95  9:35  Medivac  
  95  9:36  Marine x3  
  104  9:44  Marine, Siege Tank  
  108  9:48  Marine  
  108  9:51  Marine x2  
  107  9:55  Marine  
  107  9:56  Armory  
  107  9:57  Marine, Engineering Bay  
  103  10:14  Marine x2  
  103  10:15  Marine  
  103  10:16  Marine x2, Widow Mine  
  103  10:18  Marine x4  
  111  10:24  Medivac  
  110  10:34  Marine x5  
  107  10:41  Widow Mine  
  106  10:44  Marine x2  
  106  10:49  Marine  
  100  10:50  Marine  
  100  10:51  Marine  
  100  10:54  Marine  
  100  10:55  Marine  
  97  10:58  Medivac  
  97  11:02  Siege Tank  
  102  11:05  Marine x2  
  102  11:09  Marine  
  101  11:11  Marine  
  101  11:12  Marine x3  
  105  11:19  Marine x2  
  105  11:24  Marine x2  
  107  11:27  Marine  
  107  11:29  Marine  
  106  11:34  Siege Tank  
  106  11:37  Marine x3  
  106  11:39  Marine  
  107  11:41  Marine x2  
  106  11:47  Marine  
  106  11:48  Marine  
  106  11:51  Orbital Command, Medivac  
  109  12:05  Orbital Command  
  109  12:11  Marine  
  109  12:12  Marine x3  
  106  12:22  Siege Tank  
  109  12:25  Marine  
  108  12:37  Medivac  
  108  12:38  Marine x2  
  108  12:41  Marine  
  113  12:45  Marine x2  
  115  12:52  Marine  
  116  13:07  Medivac  
  116  13:08  Marine  
  116  13:09  Marine  
  116  13:10  Marine x2  
  116  13:11  Marine  
  105  13:13  Marine  
  84  13:21  SCV  
  84  13:25  SCV  
  83  13:32  Marine  
  83  13:33  SCV  
  84  13:37  SCV  
  84  13:38  Marine x3  
  88  13:49  Siege Tank  
  91  13:57  Marine x2  
  91  14:01  Marine  
  91  14:02  Marine  
  95  14:04  Marine  
  95  14:06  Orbital Command  
  95  14:08  Marine x2  
  98  14:14  Marine x2  
  98  14:15  Marine  
  101  14:20  Orbital Command  
  84  14:25  Marine  
  84  14:26  Marine  
Tags
 
Add a new tag
Caveats
  • Supply blocks, unpowered buildings, or Contaminate may cause inaccurate times.
  • Supply counts are checked every 10 seconds.